 Dungeon Crawl Stone Soup version 0.30-a0-726-gd89dcf765f (webtiles) character file.

Game seed: 2758462098239529237

3411 Jackthecabe the Slicer (level 10, 0/55 HPs)
             Began as a Vine Stalker Brigand on Jan 29, 2023.
             Succumbed to an orc wizard's poison
             ... on level 8 of the Dungeon.
             The game lasted 00:15:23 (5907 turns).

Jackthecabe the Slicer (Vine Stalker Brigand)       Turns: 5907, Time: 00:15:24

Health: 0/55       AC:  8    Str: 12 (13) XL:     10   Next: 4%
Magic:  1/11       EV: 20    Int:  8 (11) God:
Gold:   423        SH:  0    Dex: 19 (21) Spells: 9/9 levels left

rFire   + + .      SeeInvis +    a - +2 dagger
rCold   . . .      Faith    .    (no shield)
rNeg    . . .      Spirit   +    u - +0 steam dragon scales
rPois   .          Reflect  .    (no helmet)
rElec   .          Harm     .    c - +0 cloak
rCorr   +          Rampage  .    (no gloves)
Will    ++...                    q - +0 pair of boots
Stlth   +++                      (no amulet)
HPRegen 1.09/turn                k - ring "Baxtadwu" {rF++ EV+5}
MPRegen 0.12/turn                r - ring of Tender Moments {Will+ rCorr SInv}

@: lethally poisoned (0 -> -3)
A: fangs 3, regeneration 1, magic shield, antimagic bite, no potion heal 2
a: no special abilities


You were on level 8 of the Dungeon.
You visited 2 branches of the dungeon, and saw 9 of its levels.

You collected 423 gold pieces.


Innate Abilities, Weirdness & Mutations

You have razor-sharp teeth.
Your natural rate of healing is unusually fast.
When hurt, damage is shared between your health and your magic reserves.
Your bite disrupts and absorbs the magic of your enemies.
Potions cannot restore your health.


   Skills:
 + Level 7.4 Fighting
 - Level 8.0 Short Blades
 - Level 1.7 Throwing
 - Level 4.0 Armour
 - Level 5.0 Dodging
 - Level 4.8 Stealth


You had 9 spell levels left.
You didn't know any spells.
Your spell library contained the following spells:

 Spells                   Type           Power      Damage    Failure   Level
 Beastly Appendage        Tmut           0%         N/A       41%         1
 Cigotuvi's Dreadful Rot  Necr/Pois/Air  0%         N/A       54%         2
 Poisonous Vapours        Pois/Air       0%         N/A       54%         2
 Static Discharge         Conj/Air       0%         2-2/arc   54%         2
 Wereblood                Tmut           0%         N/A       54%         2
 Call Canine Familiar     Summ           0%         N/A       78%         3
 Mephitic Cloud           Conj/Pois/Air  0%         N/A       78%         3
 Portal Projectile        Hex/Tloc       0%         N/A       78%         3
 Spider Form              Tmut/Pois      0%         N/A       78%         3
 Summon Guardian Golem    Hex/Summ       0%         N/A       78%         3
 Vhi's Electric Charge    Tloc/Air       0%         N/A       78%         3
 Leda's Liquefaction      Hex/Erth       0%         N/A       99%         4
 Arcjolt                  Conj/Air       0%         1d10      100%        5
 Iskenderun's Battlesphe  Conj           0%         2d6       100%        5
 Lightning Bolt           Conj/Air       0%         1d11      100%        5
 Iron Shot                Conj/Erth      0%         9d1       100%        6
 Orb of Destruction       Conj           0%         9d5       100%        7
 Spellforged Servitor     Conj/Summ      0%         N/A       100%        7

Inventory:

Hand Weapons
 a - a +2 dagger (weapon)
Missiles
 d - 8 poisoned darts (quivered)
 v - 2 curare-tipped darts {=f}
Armour
 b - a +0 robe
 c - a +0 cloak (worn)
 q - a +0 pair of boots (worn)
 u - +0 steam dragon scales (worn)
 B - a +0 helmet
Magical Staves
 s - a staff of air {!a}
 D - a staff of earth {!a}
Jewellery
 k - the ring "Baxtadwu" (left hand) {rF++ EV+5}
   (You found it on level 2 of the Dungeon)

   [ring of evasion]

   EV:        It affects your evasion (+5).
   rF:        It greatly protects you from fire.
 r - the ring of Tender Moments (right hand) {Will+ rCorr SInv}
   (You found it on level 4 of the Dungeon)

   [ring of see invisible]

   SInv:      It lets you see invisible.
   rCorr:     It protects you from acid and corrosion.
   Will:      It increases your willpower.
 S - a +6 ring of strength
Wands
 e - a wand of iceblast (15)
 y - a wand of charming (16)
Scrolls
 g - 3 scrolls of enchant armour
 l - 2 scrolls of immolation
 m - 4 scrolls of teleportation {@r2}
 x - 2 scrolls of enchant weapon {unknown}
 z - 2 scrolls of blinking {unknown}
 A - a scroll of brand weapon {unknown}
 F - a scroll of fog {unknown}
 G - a scroll of magic mapping {unknown}
 H - a scroll of butterflies {unknown}
 I - a scroll of poison {unknown}
Potions
 f - 4 potions of attraction
 h - a potion of degeneration
 i - a potion of resistance
 j - a potion of invisibility {unknown}
 n - a potion of lignification {unknown}
 o - 2 potions of flight
 p - a potion of magic {unknown}
 t - 2 potions of heal wounds {@q2}
 w - 2 potions of berserk rage {unknown}
 C - 2 potions of mutation {unknown}
 E - a potion of curing {unknown}

Dungeon Overview and Level Annotations

Branches:
Dungeon (8/15)             Temple (1/1) D:5
   Lair: D:8-11

Altars:
Ashenzari
Cheibriados
Elyvilon
Hepliaklqana
Kikubaaqudgha
Nemelex Xobeh
Okawaru
Qazlal
Ru
Sif Muna
Trog
Uskayaw
Vehumet
Wu Jian
Xom
Yredelemnul
Zin
The Shining One

Portals:
Bailey: D:8

Annotations:
D:6 1 runed translucent door, Crazy Yiuf
D:8 Maurice

#....)).▒ .....#<#~.▒
.## #))~.▒ #.##..~.▒
#.....~.▒ #.##..~.▒ #
#..~▒▒ ▒▒▒ #.##..~▒
▒▒▒▓∩▓▒▒▒
+.....~▒▒▒....@oo▒▒▒~#.
####..~~~~)~~~~oog~~~...
#..#........#####.###
#..#o..##...#
#..#...##..##
#........>...
...#.####.#### ##..#.#
#.# #..#.# #.#


You could see an orc warrior, 2 orc wizards, 2 orcs and a goblin.


Message History

Okay, then.
Aiming: Charm
Press: ? - help, Shift-Dir - straight line, f - orc warrior
Aim: an orc warrior, wielding a +0 flail and wearing a +0 chain mail (severely wounded, chance to affect: 49%)
Okay, then.
Throw: 8 darts (poison)
Press: ? - help, Q - select action, (/) - cycle Shift-Dir - straight line, f - orc warrior
Aim: an orc warrior, wielding a +0 flail and wearing a +0 chain mail (severely wounded, 62% to hit)
Okay, then.
Okay, then.
Okay, then.
Okay, then.
You closely miss the orc warrior.
The orc warrior is severely wounded.
You feel sick.
The orc warrior hits you with a +0 flail!
* * * LOW HITPOINT WARNING * * *
Unknown command.
Okay, then.
Okay, then.
Okay, then.
Okay, then.
An orc comes into view.
It is wielding a +0 hand axe and carrying a wand of light (11).
You feel sick.
The orc wizard hits you but does no damage.
You are lethally poisoned!
It was a potion of degeneration.
There was something very wrong with that liquid.
You feel weakened.
You feel dopey.
You feel clumsy.
You die...

Skill      XL: |  1  2  3  4  5  6  7  8  9 |
---------------+----------------------------+-----
Short Blades   | 2 3 4 5 6 8 |  8.0
Fighting       | 3 5 7 |  7.4
Dodging        | 4 5 |  5.0
Armour         | 4 |  4.0
Throwing       | |  1.7
Stealth        | |  4.8

Action                     |  1- 3 |  4- 6 |  7- 9 | 10-12 || total
---------------------------+-------+-------+-------+-------++-------
  Melee: Dagger            |    86 |    64 |   389 |    61 ||   600
         Bite              |    11 |    14 |   145 |    20 ||   190
         Punch             |       |       |     9 |       ||     9
  Throw: Dart              |       |     4 |    15 |       ||    19
    Use: Scroll            |       |     5 |     2 |       ||     7
         Potion            |       |       |       |     1 ||     1
   Stab: Sleeping          |    10 |     8 |    13 |       ||    31
         Distracted        |     1 |     1 |       |       ||     2
 Armour: Robe              |    20 |     8 |    18 |       ||    46
         Steam dragon scal |       |       |    21 |     9 ||    30
  Dodge: Dodged            |    42 |    32 |   264 |    31 ||   369

Levels and vault maps discovered:
D:1:      minmay_arrival_radiant_lines, layout_basic
D:2:      layout_basic, grunt_decor_junction
D:3:      layout_basic
D:4:      layout_loops_cross, old_standard_altar, uniq_blork_the_orc,
          uniq_menkaure
D:5:      layout_loops_cross, okawaru_metal_pillars_3,
          minmay_temple_entry_gardened_gates
D:6:      layout_gridville, kennysheep_mini_moat, nicolae_overflow_squiral,
          mainiacjoe_overflow_catwalk, eino_tiny_chamber,
          kennysheep_another_room, minmay_pentangle, uniq_maggie,
          uniq_crazy_yiuf_cottage
D:7:      layout_gridville, nicolae_overflow_hidden_temple,
          nicolae_sif_muna_little_library, minmay_misc_feat_nine_boxes
D:8:      cheibrodos_quashed, layout_basic, due_lair_maze_entry_diamond,
          lightli_bailey_entry_fortress, minmay_misc_feat_roman,
          roderic_batcave, uniq_psyche, uniq_pikel, uniq_maurice
Temple:   hellmonk_temple_beads

Notes
Turn   | Place    | Note
-------+----------+-------------------------------------------
     0 | D:1      | Jackthecabe the Vine Stalker Brigand began the quest for
                  | the Orb.
     0 | D:1      | Reached XP level 1. HP: 11/11 MP: 2/2
    37 | D:1      | Reached skill level 2 in Short Blades
   108 | D:1      | Reached XP level 2. HP: 15/15 MP: 3/3
   617 | D:1      | Reached skill level 3 in Short Blades
   651 | D:1      | Reached XP level 3. HP: 18/18 MP: 4/4
  1362 | D:2      | Identified the ring "Baxtadwu" {rF++ EV+5}
  1514 | D:3      | Gained mutation: Your natural rate of healing is unusually
                  | fast. [Vine Stalker growth]
  1514 | D:3      | Reached XP level 4. HP: 23/23 MP: 5/5
  1657 | D:3      | Reached skill level 4 in Short Blades
  2161 | D:4      | Found a sacrificial altar of Ru.
  2231 | D:4      | Noticed Blork the orc
  2233 | D:4      | Killed Blork the orc
  2234 | D:4      | Reached XP level 5. HP: 26/26 MP: 6/6
  2288 | D:4      | Reached skill level 5 in Short Blades
  2311 | D:4      | Identified the ring of Tender Moments {Will+ rCorr SInv}
  2444 | D:4      | Noticed a phantom
  2445 | D:4      | Noticed a black bear
  2464 | D:4      | Killed a black bear
  2465 | D:4      | Reached XP level 6. HP: 20/30 MP: 4/7
  2515 | D:4      | Reached skill level 6 in Short Blades
  2547 | D:4      | Noticed Menkaure
  2550 | D:4      | Killed Menkaure
  2551 | D:4      | Reached XP level 7. HP: 34/34 MP: 8/8
  2618 | D:4      | Reached skill level 7 in Short Blades
  2833 | D:5      | Entered Level 5 of the Dungeon
  3101 | D:5      | Reached skill level 8 in Short Blades
  3101 | D:5      | Reached skill level 2 in Fighting
  3224 | D:5      | Found a staircase to the Ecumenical Temple.
  3247 | D:5      | Found an iron altar of Okawaru.
  3257 | Temple   | Entered the Ecumenical Temple
  3460 | D:5      | Reached skill level 3 in Fighting
  3460 | D:5      | Gained mutation: You have razor-sharp teeth. [Vine Stalker
                  | growth]
  3460 | D:5      | Reached XP level 8. HP: 40/40 MP: 9/9
  3599 | D:5      | Reached skill level 4 in Fighting
  3727 | D:5      | Identified a potion of resistance
  3891 | D:6      | Reached skill level 5 in Fighting
  3922 | D:6      | Reached skill level 2 in Dodging
  3996 | D:6      | Reached skill level 3 in Dodging
  4076 | D:6      | Reached skill level 4 in Dodging
  4081 | D:6      | Reached XP level 9. HP: 47/47 MP: 8/10
  4149 | D:6      | Noticed Maggie
  4195 | D:6      | Killed Maggie
  4196 | D:6      | Reached skill level 5 in Dodging
  4196 | D:6      | Reached skill level 1 in Armour
  4265 | D:6      | Reached skill level 2 in Armour
  4281 | D:6      | Found a snail-covered altar of Cheibriados.
  4486 | D:6      | Found a runed translucent door.
  4487 | D:6      | Noticed Crazy Yiuf
  4549 | D:6      | Found a basalt altar of Yredelemnul.
  4552 | D:6      | Found a bloodstained altar of Trog.
  4562 | D:6      | Reached skill level 3 in Armour
  4709 | D:6      | Found a glowing golden altar of the Shining One.
  5029 | D:7      | Noticed a hornet
  5038 | D:7      | Killed a hornet
  5039 | D:7      | Reached skill level 4 in Armour
  5113 | D:7      | Found a shimmering altar of Xom.
  5114 | D:7      | Found a hide-covered altar of Uskayaw.
  5224 | D:7      | Found a shimmering blue altar of Sif Muna.
  5285 | D:7      | Reached skill level 6 in Fighting
  5762 | D:8      | Noticed a komodo dragon
  5762 | D:8      | Noticed Maurice
  5802 | D:7      | Reached skill level 7 in Fighting
  5803 | D:7      | Reached XP level 10. HP: 55/55 MP: 11/11
  5844 | D:8      | Found a flagged portal.
  5905 | D:8      | HP: 2/55 [orc warrior/+0 flail (10)]
  5907 | D:8      | Succumbed to an orc wizard's poison

Vanquished Creatures
  Maggie (D:6)
  A hornet (D:7)
  2 steam dragons (D:6)
  Menkaure (D:4)
  A water moccasin (D:7)
  3 ice beasts
  3 ogres
  3 black bears
  A centaur (D:7)
  A phantom (D:4)
  2 bullfrogs
  3 scorpions
  Blork the orc (D:4)
  A necrophage (D:6)
  A howler monkey (D:6)
  A jelly (D:6)
  5 orc priests
  8 hounds
  A gnoll bouda (D:4)
  5 iguanas
  6 orc wizards
  8 gnolls
  11 adders
  An ufetubus (D:7)
  2 dart slugs
  20 orcs
  2 ball pythons
  9 bats
  5 endoplasms
  4 giant cockroaches (D:1)
  10 goblins
  9 hobgoblins
  3 jackals (D:2)
  2 quokkas
  A frilled lizard (D:3)
  4 kobolds
  5 rats
147 creatures vanquished.

Vanquished Creatures (others)
  A gnoll (D:6)
  28 fungi (D:8)
  36 plants (D:8)
65 creatures vanquished.

Grand Total: 212 creatures vanquished

Table legend: (Time is in decaauts)
 A = Elapsed time spent in this place.
 B = Non-inter-level travel time spent in this place.
 C = Inter-level travel time spent in this place.
 D = Time resting spent in this place.
 E = Time spent auto-exploring this place.
 F = Levels seen in this place.
 G = Mean time per level.
                   A        B        C        D        E       F      G
               +--------+--------+--------+--------+--------+-----+--------+
         Total |   5706 |   5452 |    254 |      0 |   4283 |   9 |  634.0 |
       Dungeon |   5596 |   5355 |    241 |      0 |   4195 |   8 |  699.5 |
        Temple |    110 |     98 |     12 |      0 |     88 |   1 |  110.0 |
               +--------+--------+--------+--------+--------+-----+--------+

Top non-repeatable levels by time:
     D:6: 1054 daAuts
     D:1: 882 daAuts
     D:7: 861 daAuts
     D:5: 750 daAuts
     D:4: 710 daAuts
     D:3: 634 daAuts
     D:2: 606 daAuts
  Temple: 110 daAuts
     D:8: 96 daAuts

Table legend:
 A = Non-vault XP
 B = Vault XP
 C = Vault XP percentage of total XP
 D = Non-vault monster count
 E = Vault monster count
 F = Vault count percentage of total count
                 A         B        C        D         E       F
            +---------+---------+-------+---------+---------+-------
      Total |    3615 |    1259 |  25.8 |     128 |      20 |  13.5
            +---------+---------+-------+---------+---------+-------
        D:1 |      38 |       0 |   0.0 |      19 |       0 |   0.0
        D:2 |      41 |       0 |   0.0 |      19 |       0 |   0.0
        D:3 |      39 |       0 |   0.0 |      13 |       0 |   0.0
        D:4 |     448 |     256 |  36.4 |      17 |       2 |  10.5
        D:5 |     794 |       0 |   0.0 |      12 |       0 |   0.0
        D:6 |     709 |     963 |  57.6 |      20 |      11 |  35.5
        D:7 |    1365 |       0 |   0.0 |      23 |       0 |   0.0
        D:8 |     181 |      40 |  18.1 |       5 |       7 |  58.3
            +---------+---------+-------+---------+---------+-------
